 Seeded DCSS version 0.32-a0-13-gbaedc58 (webtiles) character file.

Game seed: 4402357109279753055 (custom seed)

1311 brinewave the Shooter (level 8, -1/42 HPs)
             Began as a Vine Stalker Hunter on Jan 14, 2024.
             Succumbed to a gnoll's poison
             ... on level 6 of the Dungeon.
             The game lasted 00:23:54 (5239 turns).

brinewave the Shooter (Vine Stalker Hunter)         Turns: 5239, Time: 00:23:55

Health: -1/42      AC:  4    Str: 13    XL:     8   Next: 58%
Magic:  7/18       EV: 15    Int:  9    God:
Gold:   265        SH:  0    Dex: 21    Spells: 7/7 levels left

rFire   . . .        a - +0 shortbow (elec)
rCold   . . .        (shield currently unavailable)
rNeg    . . .        B - +0 robe {Will+}
rPois   .            (no helmet)
rElec   .            (no cloak)
rCorr   .            r - +1 pair of gloves
SInv    .            (no boots)
Will    ++...        (no amulet)
Stlth   ++           g - ring of magical power
HPRegen 1.07/turn    (no ring)
MPRegen 0.16/turn

%: guardian spirit
@: mighty, lethally poisoned (-1 -> -14)
A: fangs 3, regeneration 1, magic shield, antimagic bite, no potion heal 2
a: no special abilities


You were on level 6 of the Dungeon.
You visited 1 branch of the dungeon, and saw 6 of its levels.

You collected 265 gold pieces.

Inventory:

Hand Weapons
 a - a +0 shortbow of electrocution (weapon)
 v - a +3 dagger
Missiles
 h - 6 datura-tipped darts
 k - 11 poisoned darts
 o - 5 curare-tipped darts
Armour
 c - a +0 leather armour
 l - a +0 buckler
 r - a +1 pair of gloves (worn)
 B - a +0 robe of willpower (worn)
 C - +0 steam dragon scales
Jewellery
 g - a ring of magical power (left hand)
 x - a +6 ring of strength
Wands
 e - a wand of charming (17)
Scrolls
 b - a scroll of butterflies
 f - 3 scrolls of poison
 i - a scroll of blinking
 p - a scroll of enchant weapon {unknown}
 q - 3 scrolls of brand weapon
 s - a scroll of revelation {unknown}
 t - a scroll of fear
 y - a scroll of summoning {unknown}
 A - a scroll of amnesia {unknown}
Potions
 d - a potion of heal wounds
 j - 2 potions of curing {unknown}
 m - a potion of lignification
 n - a potion of might
 u - a potion of enlightenment
 z - a potion of attraction {unknown}


   Skills:
 + Level 4.8 Fighting
 * Level 7.5 Ranged Weapons
 - Level 0.3 Armour
 + Level 4.4 Dodging
 - Level 1.2 Stealth


You had 7 spell levels left.
You didn't know any spells.
Your spell library was empty.

Dungeon Overview and Level Annotations

Branches:
Dungeon (6/15)
 Temple: D:4-7

Altars:
Gozag
Qazlal
Yredelemnul

Shops:
D:5 *

Annotations:
D:3 Ijyb
D:4 exclusion: black bear
D:5 3 runed translucent doors, IAmTheZeppo's ghost, novice KoCA


Innate Abilities, Weirdness & Mutations

You have razor-sharp teeth.
Your natural rate of healing is unusually fast.
When hurt, damage is shared between your health and your magic reserves.
Your bite disrupts and absorbs the magic of your enemies.
Potions cannot restore your health.


Message History

Aim: a gnoll, wielding a +1 whip of venom (70% to hit)
You shoot an arrow. The arrow hits the gnoll!
The gnoll is severely wounded.
You feel very sick. The gnoll completely misses you.
Fire: a) +0 shortbow (elec)
Press: ? - help, Q - select action, (/) - cycle Shift-Dir - straight line, f/p - gnoll
Aim: a gnoll, wielding a +1 whip of venom (severely wounded, 70% to hit)
You shoot an arrow. The arrow closely misses the gnoll.
You feel very sick.
The gnoll hits you with a +1 whip of venom.
You are more poisoned.
Fire: a) +0 shortbow (elec)
Press: ? - help, Q - select action, (/) - cycle Shift-Dir - straight line, f/p - gnoll
Aim: a gnoll, wielding a +1 whip of venom (severely wounded, 70% to hit)
You shoot an arrow. The arrow hits the gnoll.
The gnoll is severely wounded.
You feel very sick. The gnoll completely misses you.
Fire: a) +0 shortbow (elec)
Press: ? - help, Q - select action, (/) - cycle Shift-Dir - straight line, f/p - gnoll
Aim: a gnoll, wielding a +1 whip of venom (severely wounded, 70% to hit)
You shoot an arrow. The arrow barely misses the gnoll.
* * * LOW HITPOINT WARNING * * *
You feel very sick.
The gnoll hits you with a +1 whip of venom.
* * * LOW HITPOINT WARNING * * *
You are lethally poisoned!
You feel very mighty all of a sudden.
* * * LOW HITPOINT WARNING * * *
You feel very sick.
The gnoll hits you with a +1 whip of venom.
* * * LOW HITPOINT WARNING * * *
Fire: a) +0 shortbow (elec)
Press: ? - help, Q - select action, (/) - cycle Shift-Dir - straight line, f/p - gnoll
Aim: a gnoll, wielding a +1 whip of venom (severely wounded, 70% to hit)
You shoot an arrow.
The arrow hits the gnoll but does no damage.
The gnoll is severely wounded.
You die...

###...#
.##.....##
.........##
.#........##
.)..###)...##
... ##..!.###
g ###(...##
##)g..##
##@...#
##...##
##...##
##...# #...##
##...## .#
#....# .#
##....# .#
#....##


You could see a gnoll.

Vanquished Creatures
  A steam dragon (D:6)
  A centaur (D:6)
  A bullfrog (D:6)
  A water moccasin zombie (D:5)
  2 scorpions
  A water moccasin skeleton (D:5)
  A bombardier beetle (D:4)
  2 centaur zombies (D:5)
  A gnoll bouda (D:6)
  2 jellies
  A bullfrog zombie (D:5)
  An orc priest (D:6)
  A hound (D:5)
  2 bullfrog skeletons (D:5)
  Jessica (D:2)
  An iguana (D:5)
  An orc wizard (D:6)
  2 scorpion zombies (D:5)
  2 sleepcaps
  A hound zombie (D:5)
  A howler monkey zombie (D:5)
  5 gnolls
  11 adders
  2 howler monkey skeletons (D:5)
  A shadow imp (D:5)
  A white imp (D:5)
  2 ufetubi
  5 dart slugs
  A ribbon worm (D:3)
  5 orcs
  4 ball pythons
  7 bats
  11 endoplasms
  5 giant cockroaches
  3 hobgoblins (D:1)
  2 jackals (D:3)
  4 quokkas
  3 frilled lizards (D:1)
  8 goblins
  7 kobolds
  9 rats
123 creatures vanquished.

Notes
Turn   | Place    | Note
-------+----------+-------------------------------------------
     0 | D:1      | brinewave the Vine Stalker Hunter began the quest for the
                  | Orb.
     0 | D:1      | Reached XP level 1. HP: 11/11 MP: 2/2
    52 | D:1      | Reached XP level 2. HP: 15/15 MP: 3/3
   383 | D:1      | Reached skill level 4 in Ranged Weapons
   423 | D:1      | Reached XP level 3. HP: 18/18 MP: 4/4
  1164 | D:2      | Found a stormy altar of Qazlal.
  1186 | D:2      | Noticed Jessica
  1220 | D:2      | Killed Jessica
  1221 | D:2      | Reached XP level 4. HP: 23/23 MP: 5/5
  1830 | D:3      | Reached XP level 5. HP: 20/27 MP: 6/6
  1919 | D:3      | Found a basalt altar of Yredelemnul.
  1978 | D:3      | Noticed Ijyb
  2575 | D:4      | Reached skill level 5 in Ranged Weapons
  2664 | D:4      | Reached XP level 6. HP: 26/32 MP: 7/7
  2973 | D:4      | Noticed a black bear
  3300 | D:5      | Entered Level 5 of the Dungeon
  3535 | D:5      | Reached XP level 7. HP: 36/36 MP: 8/8
  3561 | D:5      | Reached skill level 6 in Ranged Weapons
  3771 | D:5      | Found an opulent altar of Gozag.
  3832 | D:5      | Found a runed translucent gate.
  3832 | D:5      | Found a runed translucent gate.
  3833 | D:5      | Found a runed translucent gate.
  3836 | D:5      | Noticed IAmTheZeppo's ghost (novice KoCA)
  4594 | D:5      | Found Gozag's Platinum Reserve.
  4660 | D:5      | Gained mutation: You have razor-sharp teeth. [Vine Stalker
                  | growth]
  4660 | D:5      | Reached XP level 8. HP: 42/42 MP: 9/9
  4952 | D:6      | Reached skill level 7 in Ranged Weapons
  5239 | D:6      | Succumbed to a gnoll's poison

Illustrated notes

Levels and vault maps discovered:
D:1:      sevenhm_arrival_forest_fort_small_6, layout_basic, minmay_hexomino_f4
D:2:      layout_basic, basic_altar, uniq_jessica
D:3:      layout_loops_ring, mainiacjoe_overflow_brackets, uniq_ijyb
D:4:      kennysheep_big_flooded_room, layout_basic
D:5:      layout_loops_corners, nicolae_gozag_zags_fifth_avenue,
          gammafunk_ghost_nasty_kobolds, serial_undead, serial_undead_e,
          serial_undead_d, serial_undead_e, serial_undead_d, serial_undead_b
D:6:      layout_layer_cave, minmay_temple_entry_slanted

Skill      XL: |  1  2  3  4  5  6  7  8 |
---------------+-------------------------+-----
Fighting       | 2 3 4 |  4.8
Ranged Weapons | 4 5 6 7 |  7.5
Dodging        | 2 3 4 |  4.4
Armour         | |  0.3
Stealth        | |  1.2

Action                     |  1- 3 |  4- 6 |  7- 9 || total
---------------------------+-------+-------+-------++-------
   Fire: Shortbow          |    99 |   185 |   199 ||   483
    Use: Scroll            |     3 |     6 |     2 ||    11
         Potion            |       |       |     1 ||     1
 Armour: Leather armour    |    16 |    65 |    94 ||   175
         Robe              |       |       |     9 ||     9
  Dodge: Dodged            |    32 |    96 |    79 ||   207

Table legend: (Time is in decaauts)
 A = Elapsed time spent in this place.
 B = Non-inter-level travel time spent in this place.
 C = Inter-level travel time spent in this place.
 D = Time resting spent in this place.
 E = Time spent auto-exploring this place.
 F = Levels seen in this place.
 G = Mean time per level.
                   A        B        C        D        E       F      G
               +--------+--------+--------+--------+--------+-----+--------+
         Total |   5320 |   5154 |    166 |    153 |   3952 |   6 |  886.7 |
       Dungeon |   5320 |   5154 |    166 |    153 |   3952 |   6 |  886.7 |
               +--------+--------+--------+--------+--------+-----+--------+

Top non-repeatable levels by time:
     D:5: 1509 daAuts
     D:1: 1140 daAuts
     D:4: 850 daAuts
     D:3: 798 daAuts
     D:2: 602 daAuts
     D:6: 419 daAuts
